 Dungeon Crawl Stone Soup version 0.19-a0-1740-g0bcaf2e (webtiles) character file.

109 Alarkh the Ruffian (level 4, -5/34 HPs)
             Began as a Ghoul Necromancer on Oct 1, 2016.
             Slain by a gnoll
             ... wielding a +1 halberd of protection
              (12 damage)
             ... on level 3 of the Dungeon.
             The game lasted 00:03:39 (2399 turns).

Alarkh the Ruffian (Ghoul Necromancer)              Turns: 2399, Time: 00:03:40

Health: -5/34      AC:  2    Str: 11    XL:     4   Next: 90%
Magic:  2/5        EV: 12    Int: 11    God:
Gold:   174        SH:  4    Dex:  9    Spells: 2 memorised, 2 levels left

rFire  . . .     SeeInvis .       - Unarmed
rCold  + . .     Gourm    .     a - +0 robe
rNeg   + + +     Faith    .     (no shield)
rPois  ∞         Spirit   .     (no helmet)
rElec  .         Dismiss  .     (no cloak)
rCorr  .         Reflect  +     (no gloves)
MR     .....     Harm     .     (no boots)
Stlth  ++........               f - +4 amulet of reflection (curse)
                                u - ring of wizardry
                                m - ring of wizardry

@: rotting
A: rotting body, claws 1, carnivore 3, cold resistance 1, negative energy
resistance 3, slow regeneration 1, torment resistance, unbreathing
a: no special abilities


You were on level 3 of the Dungeon.
You were not hungry.

You visited 1 branch of the dungeon, and saw 3 of its levels.

You collected 174 gold pieces.

Inventory:

Missiles
 s - 2 throwing nets (quivered)
Armour
 a - a +0 robe (worn)
Jewellery
 f - a cursed +4 amulet of reflection (around neck)
 m - a ring of wizardry (left claw)
 u - a ring of wizardry (right claw)
Scrolls
 d - 2 scrolls of remove curse {unknown}
 e - a scroll of identify
 h - a scroll of magic mapping {unknown}
 j - a scroll of enchant weapon {unknown}
 o - a scroll of amnesia {unknown}
 p - a scroll of blinking {unknown}
 q - a scroll of immolation {unknown}
 v - a scroll of recharging {unknown}
Potions
 g - a potion of agility
 i - 2 potions of haste
 k - a potion of heal wounds
 l - a potion of brilliance {unknown}
 n - 2 potions of magic
Books
 b - a book of Necromancy

   Spells                             Type                      Level
   a - Pain                           Necromancy                   1
   b - Animate Skeleton               Necromancy                   1
   c - Vampiric Draining              Necromancy                   3
   d - Regeneration                   Charms/Necromancy            3
   e - Animate Dead                   Necromancy                   4
   f - Control Undead                 Necromancy                   4
Comestibles
 c - 2 meat rations
 r - 4 chunks of flesh
 t - a slice of pizza


   Skills:
 + Level 0.7 Fighting
 - Level 1.7 Dodging
 - Level 2.1 Stealth
 * Level 4.6 Unarmed Combat
 - Level 1.7 Spellcasting
 - Level 4.0 Necromancy


You had 2 spell levels left.
You knew the following spells:

 Your Spells              Type           Power        Failure   Level  Hunger
a - Vampiric Draining     Necr           #.........   5%          3    ####...
b - Pain                  Necr           #...         2%          1    ##.....


Dungeon Overview and Level Annotations

Branches:
Dungeon (3/15)

Altars:

Annotations:
D:3 Grinder


Innate Abilities, Weirdness & Mutations

Your body is rotting away.
You thrive on raw meat.
You are immune to poison.
You have sharp fingernails.
You are carnivorous and can eat meat at any time.
Your flesh is cold resistant. (rC+)
You are immune to negative energy. (rN+++)
You regenerate slowly when monsters are visible.
You are immune to unholy pain and torment.
You can survive without breathing.


Message History

Press: ? - help, Shift-Dir - straight line, f - giant cockroach
Aim: a giant cockroach (thin mist)
You kill the giant cockroach!
You feel life coursing into your body.
You scratch the gnoll.
The gnoll is severely wounded.
The gnoll closely misses you.
You closely miss the gnoll.
The gnoll is severely wounded.
The gnoll hits you with a halberd of protection!
You scratch the gnoll but do no damage.
The gnoll is severely wounded.
The gnoll hits you with a halberd of protection.
* * * LOW HITPOINT WARNING * * *
You scratch the gnoll but do no damage.
The gnoll is severely wounded.
You scratch the gnoll but do no damage.
The gnoll is severely wounded.
The gnoll hits you with a halberd of protection!
You die...

####
#.....#..........
#.#
#####.....##....
#.. #.###.# . ###
...# #.# #####
#.# #.#########
######.§§§......
##......§.§...../
#.......♣@§♣♣P.♣
#..♣♣P♣♣.P♣g♣ .
♣$♣.♣♣♣♣§♣ ♣ ♣♣P♣
§§♣ .♣ ..♣ .P .P♣
. ♣.♣ g.♣ . .♣
.P. . ♣. ♣.. ..


You could see a gnoll.

Vanquished Creatures
  Ijyb (D:3)
  A gnoll (D:3)
  An ooze (D:1)
  2 worms
  2 bats (D:2)
  4 giant cockroaches
  14 hobgoblins
  4 jackals (D:3)
  7 kobolds
  3 quokkas
  2 frilled lizards
  8 goblins
  8 rats
  A plant (D:3)
58 creatures vanquished.

Vanquished Creatures (others)
  2 plants (D:3)
2 creatures vanquished.

Grand Total: 60 creatures vanquished

Notes
Turn   | Place    | Note
-------+----------+-------------------------------------------
     0 | D:1      | Alarkh the Ghoul Necromancer began the quest for the Orb.
     0 | D:1      | Reached XP level 1. HP: 14/14 MP: 2/2
   102 | D:1      | Reached skill level 1 in Unarmed Combat
   242 | D:1      | Reached XP level 2. HP: 20/20 MP: 3/3
   755 | D:2      | Reached XP level 3. HP: 21/26 MP: 4/4
  1151 | D:2      | Learned a level 3 spell: Vampiric Draining
  1762 | D:3      | Noticed Ijyb
  1768 | D:3      | Killed Ijyb
  1768 | D:3      | Reached XP level 4. HP: 33/33 MP: 5/5
  2136 | D:3      | Noticed Grinder
  2399 | D:3      | Slain by a gnoll

Vault maps used:
D:1:      minmay_arrival_solitary_statue, serial_forest,
          infiniplex_forest_straight_3, infiniplex_forest_clump_C,
          infiniplex_forest_end_1, infiniplex_forest_lined_2,
          infiniplex_forest_straight_3, infiniplex_forest_clump_double,
          infiniplex_forest_zigzag_1, serial_park_tiny_2, amethyst_killhole
D:2:      first_bread
D:3:      wad_woods_stonehenge, uniq_grinder, uniq_iyjb

Skill      XL: |  1  2  3 |
---------------+----------+-----
Unarmed Combat | 1 2 4 |  4.6
Fighting       | |  0.7
Dodging        | |  1.7
Stealth        | |  2.1
Spellcasting   | |  1.7
Necromancy     | |  4.0

Action                   |  1- 3 |  4- 6 || total
-------------------------+-------+-------++-------
Melee: Unarmed           |   141 |    89 ||   230
       Punch             |     2 |     1 ||     3
 Cast: Pain              |     3 |       ||     3
       Vampiric Draining |       |     4 ||     4
  Use: Scroll            |     3 |       ||     3
       Potion            |       |     1 ||     1
 Stab: Sleeping          |     3 |     2 ||     5
  Eat: Chunk             |    12 |       ||    12
Armor: Robe              |     7 |     6 ||    13
Dodge: Dodged            |    72 |    33 ||   105
Block: Other             |     3 |     7 ||    10
